Map: Acid Plant LE

Players

SortOf

  • Race: Zerg Zerg
  • Spawn Location: 11:00

Silky - Winner!

  • Race: Zerg Zerg
  • Spawn Location: 5:00

Event: WCS Austin 2018

VOD

Have the link to the VOD?

Description

Time

  • Played on: June 1, 2018, 5:07 p.m.
  • Length: 10:12

All games in this series

Show
View Real Time Build Order
Export as new Build Order

SortOf Zerg 

Build Orders: Hatch First 

Get SALT Encoding   

  12  0:00  Drone  
  13  0:12  Overlord  
  13  0:17  Drone  
  14  0:31  Drone x2  
  16  0:48  Hatchery  
  15  0:52  Drone  
  17  0:57  Drone  
  17  0:58  Drone  
  18  1:11  Extractor  
  17  1:14  Spawning Pool  
  17  1:17  Drone  
  17  1:22  Drone  
  18  1:28  Drone  
  19  1:38  Drone  
  20  1:55  Overlord  
  20  2:01  Queen x2  
  20  2:04  Zergling x2, Drone  
  26  2:12  Drone x2  
  28  2:16  Metabolic Boost  
  28  2:21  Drone  
  28  2:22  Drone  
  30  2:32  Zergling x2  
  31  2:38  Hatchery  
  31  2:40  Zergling x2  
  31  2:46  Baneling Nest  
  31  2:49  Drone  
  31  2:52  Overlord  
  31  2:56  Drone x2  
  33  3:05  Drone x2  
  34  3:10  Queen  
  36  3:16  Drone x3  
  36  3:19  Drone  
  40  3:20  Zergling x2  
  41  3:27  Overlord  
  41  3:31  Baneling  
  41  3:32  Baneling  
  41  3:33  Zergling x2  
  42  3:38  Drone  
  42  3:41  Overlord  
  43  3:43  Zergling x2  
  44  3:55  Zergling x12  
  50  4:05  Drone x2, Queen  
  50  4:09  Roach Warren  
  53  4:12  Drone x3  
  53  4:13  Drone x2  
  53  4:16  Baneling  
  57  4:18  Drone x2  
  59  4:26  Overlord  
  59  4:30  Drone x3  
  61  4:33  Extractor  
  61  4:34  Extractor  
  61  4:35  Evolution Chamber  
  61  4:37  Drone  
  59  4:42  Drone  
  59  4:45  Drone  
  61  4:48  Drone  
  61  4:52  Drone x2  
  61  4:53  Zergling x4  
  61  4:55  Drone x6  
  67  5:04  Drone  
  67  5:06  Drone x2  
  69  5:07  Lair  
  69  5:09  Drone x3  
  69  5:10  Zerg Missile Weapons Level 1  
  69  5:11  Roach  
  74  5:15  Overlord  
  74  5:16  Overlord  
  74  5:20  Baneling  
  74  5:21  Baneling  
  74  5:26  Extractor  
  74  5:27  Extractor  
  72  5:30  Baneling x2  
  72  5:31  Roach  
  74  5:36  Drone x6  
  74  5:39  Hatchery, Drone x2  
  74  5:40  Drone x2  
  81  5:44  Roach  
  81  5:45  Roach x2  
  81  5:47  Drone  
  87  5:58  Roach  
  87  5:59  Overlord, Pneumatized Carapace  
  87  6:02  Overlord  
  87  6:03  Extractor  
  88  6:04  Overlord x2  
  88  6:08  Glial Reconstitution  
  88  6:09  Overseer  
  88  6:10  Overseer  
  88  6:16  Roach  
  88  6:17  Overlord  
  89  6:19  Roach x4  
  89  6:20  Overlord  
  97  6:30  Roach x6  
  109  6:35  Drone  
  109  6:36  Roach x3  
  116  6:45  Overlord  
  116  6:48  Hydralisk Den, Roach x4  
  116  6:51  Drone x3  
  116  6:52  Drone  
  126  7:01  Overlord  
  126  7:05  Overseer  
  126  7:06  Overlord x2  
  126  7:09  Zerg Missile Weapons Level 2  
  126  7:10  Roach  
  126  7:11  Roach x5  
  126  7:12  Drone x2  
  140  7:21  Roach  
  140  7:22  Roach x4  
  150  7:24  Overlord  
  150  7:29  Extractor  
  149  7:31  Extractor  
  149  7:34  Roach x2  
  149  7:35  Roach x5  
  149  7:36  Overlord  
  162  7:43  Roach x4  
  170  7:51  Roach x2  
  174  8:03  Muscular Augments  
  174  8:04  Roach x2  
  174  8:05  Lurker Den, Roach x4  
  182  8:06  Overlord  
  179  8:18  Ravager x3  
  179  8:19  Overlord x2  
  180  8:23  Roach  
  180  8:26  Roach x4  
  190  8:27  Overlord  
  190  8:38  Ravager  
  190  8:39  Roach x3, Ravager  
  198  8:42  Spine Crawler  
  195  8:52  Spine Crawler  
  195  8:54  Roach  
  195  8:55  Roach x14  
  187  8:59  Roach x3  
  187  9:01  Roach x2  
  160  9:08  Roach x3  
  139  9:11  Roach  
  135  9:17  Roach x3  
  135  9:19  Roach  
  139  9:26  Hydralisk x2  
  139  9:31  Hydralisk  
  143  9:39  Drone x3  
  143  9:44  Ravager  
  143  9:45  Hydralisk x2, Ravager  
  152  9:54  Lurker  
  152  9:55  Lurker  
Show
View Real Time Build Order
Export as new Build Order

Silky Zerg - Winner!

Build Orders: Hatch First 

Get SALT Encoding   

  12  0:01  Drone  
  13  0:12  Overlord  
  13  0:17  Drone  
  14  0:30  Drone  
  14  0:31  Drone  
  16  0:48  Hatchery  
  15  0:52  Drone  
  16  0:57  Drone  
  16  1:01  Drone  
  18  1:10  Extractor  
  17  1:16  Spawning Pool  
  16  1:19  Drone  
  16  1:22  Drone  
  18  1:29  Drone  
  19  1:39  Drone  
  20  1:49  Overlord  
  20  2:02  Queen x2  
  20  2:03  Zergling x4  
  26  2:10  Metabolic Boost  
  26  2:12  Drone  
  26  2:14  Drone  
  28  2:22  Drone x2  
  30  2:38  Hatchery  
  29  2:46  Baneling Nest  
  29  2:47  Drone  
  31  2:51  Drone x2  
  31  2:53  Drone  
  32  2:58  Overlord  
  32  3:03  Drone  
  32  3:06  Zergling x4  
  34  3:15  Overlord  
  34  3:16  Drone  
  34  3:17  Drone x2  
  37  3:21  Drone x2  
  39  3:28  Queen  
  39  3:30  Baneling x2  
  39  3:32  Drone  
  39  3:34  Drone  
  43  3:37  Extractor  
  42  3:41  Drone  
  42  3:42  Drone, Evolution Chamber  
  43  3:51  Drone x5  
  43  3:55  Zergling x4  
  49  4:02  Drone  
  49  4:03  Zergling x2  
  49  4:04  Extractor  
  49  4:09  Zerg Missile Weapons Level 1  
  49  4:10  Zergling x2  
  49  4:15  Baneling  
  50  4:17  Overlord  
  50  4:30  Drone  
  50  4:31  Overlord, Lair  
  50  4:35  Roach Warren  
  50  4:37  Drone x4  
  50  4:38  Drone x4  
  56  4:43  Zergling x2  
  57  4:45  Overlord  
  57  4:48  Overlord  
  56  4:53  Baneling, Drone  
  56  4:54  Drone x3  
  60  5:04  Drone x2  
  60  5:05  Drone  
  63  5:08  Drone  
  63  5:11  Drone x4  
  63  5:14  Extractor  
  67  5:15  Extractor, Drone  
  67  5:18  Drone  
  68  5:22  Drone  
  68  5:23  Drone  
  70  5:30  Glial Reconstitution  
  70  5:31  Overlord  
  70  5:32  Hatchery  
  70  5:35  Roach x2  
  73  5:40  Baneling x2  
  73  5:42  Drone  
  73  5:43  Overlord x3  
  71  5:58  Drone x4  
  71  6:01  Roach x5  
  85  6:04  Zerg Missile Weapons Level 2  
  85  6:08  Overlord  
  85  6:09  Roach, Evolution Chamber  
  85  6:11  Roach  
  88  6:13  Roach x3  
  88  6:17  Roach x2  
  97  6:20  Overseer  
  97  6:22  Roach x2  
  97  6:24  Overlord  
  101  6:28  Drone  
  101  6:29  Drone, Roach x2  
  107  6:33  Roach x2  
  107  6:37  Zerg Ground Armor Level 1  
  107  6:39  Unknown  
  111  6:41  Roach  
  111  6:42  Overlord  
  111  6:44  Roach  
  111  6:45  Roach  
  119  6:47  Roach x2  
  119  6:50  Roach  
  119  6:53  Roach x2  
  126  6:55  Overlord  
  126  6:56  Roach  
  126  7:00  Overlord x2  
  128  7:03  Drone  
  128  7:05  Roach x2  
  128  7:06  Roach  
  135  7:08  Overlord  
  135  7:12  Ravager  
  135  7:14  Roach  
  135  7:15  Roach x3  
  144  7:18  Overlord  
  144  7:19  Ravager x4  
  144  7:20  Roach  
  150  7:23  Roach  
  150  7:26  Drone  
  150  7:28  Roach x3  
  159  7:30  Roach  
  159  7:32  Unknown, Roach  
  159  7:34  Roach  
  159  7:36  Roach  
  167  7:38  Roach  
  167  7:40  Roach  
  167  7:42  Roach  
  173  7:47  Roach  
  173  7:49  Overlord  
  175  7:54  Overlord  
  175  7:58  Drone x2  
  176  8:02  Roach  
  176  8:05  Hydralisk Den  
  174  8:06  Extractor  
  174  8:10  Roach x5  
  183  8:13  Drone x3  
  183  8:14  Roach x2  
  183  8:15  Roach x2  
  183  8:17  Roach  
  191  8:20  Drone  
  191  8:24  Overlord  
  192  8:30  Overlord x2  
  192  8:38  Lurker Den  
  191  8:42  Queen  
  191  8:44  Extractor  
  191  8:45  Roach x3  
  198  8:52  Roach x5  
  198  8:55  Roach x4  
  186  8:59  Roach x4  
  186  9:00  Roach  
  166  9:05  Roach x2  
  165  9:10  Roach x2  
  165  9:13  Roach x3  
  165  9:15  Roach  
  171  9:20  Roach x3  
  169  9:25  Drone x2  
  169  9:26  Drone  
  169  9:30  Roach x3  
  170  9:35  Ravager x5  
  170  9:37  Roach  
  177  9:40  Drone x3  
  177  9:43  Roach  
  186  9:45  Roach x2  
  186  9:48  Roach  
  188  9:53  Roach x3  
Tags
 
Add a new tag
Caveats
  • Supply blocks, unpowered buildings, or Contaminate may cause inaccurate times.
  • Supply counts are checked every 10 seconds.